 Dungeon Crawl Stone Soup version 0.26-a0-259-g1effd001a9 (webtiles) character file.

Game seed: 6839964440043284398

170 mortelune the Skirmisher (level 5, -1/43 HPs)
             Began as a Formicid Abyssal Knight on July 13, 2020.
             Was a Follower of Lugonu.
             Slain by an iguana (7 damage)
             ... on level 4 of the Dungeon.
             The game lasted 00:07:00 (5475 turns).

mortelune the Skirmisher (Formicid Abyssal Knight)  Turns: 5475, Time: 00:07:00

Health: -1/43      AC:  5    Str: 17 (18) XL:     5   Next: 80%
Magic:  6/6        EV: 10    Int:  9 (11) God:    Lugonu [*.....]
Gold:   132        SH:  0    Dex: 10      Spells: 4/4 levels left

rFire    . . .     SeeInvis +   q - +0 war axe
rCold    . . .     Faith    .   (no shield)
rNeg     . . .     Spirit   .   d - +0 ring mail
rPois    .         Reflect  .   (helmet unavailable)
rElec    .         Harm     .   (no cloak)
rCorr    .                      (no gloves)
MR       .....                  (no boots)
Stlth    +.........             (no amulet)
HPRegen  0.14/turn              n - ring of stealth
MPRegen  0.10/turn              (no ring)

@: no status effects
A: permanent stasis, dig shafts and tunnels, four strong arms, antennae 3
a: Dig, Shaft Self, Depart the Abyss, Renounce Religion


You were on level 4 of the Dungeon.
You worshipped Lugonu.
Lugonu was aware of your devotion.
You were not hungry.

You visited 1 branch of the dungeon, and saw 4 of its levels.
You visited the Abyss 1 time.

You collected 132 gold pieces.

Inventory:

Hand Weapons
 a - a +1 hand axe
 q - a +0 war axe (weapon)
Missiles
 i - 91 sling bullets
 p - 10 poisoned darts
 Q - 84 stones (quivered)
Armour
 b - a +0 leather armour
 d - a +0 ring mail (worn)
Jewellery
 n - a ring of stealth (left hand)
Scrolls
 e - a scroll of remove curse {unknown}
 h - 6 scrolls of identify {unknown}
 m - a scroll of enchant weapon {unknown}
Potions
 g - a potion of flight
 l - a potion of degeneration
 o - a potion of ambrosia {unknown}
Comestibles
 c - 12 rations


   Skills:
 + Level 4.3 Fighting
 * Level 4.1 Axes
 + Level 3.4 Armour
 - Level 0.8 Dodging
 - Level 2.1 Invocations


You had 4 spell levels left.
You didn't know any spells.
Your spell library was empty.

Dungeon Overview and Level Annotations

Branches:
Dungeon (4/15)
 Temple: D:4-7

Altars:
Cheibriados
Nemelex Xobeh
Uskayaw
The Shining One


Innate Abilities, Weirdness & Mutations

You cannot be hasted, slowed, berserked, paralysed or teleported.
You can dig through walls and to a lower floor.
Your four strong arms can wield two-handed weapons with a shield.
You have a pair of large antennae on your head. (SInv)


Message History

The iguana is moderately wounded.
The iguana closely misses you. The iguana barely misses you.
You barely miss the iguana.
The iguana is moderately wounded.
The iguana barely misses you.
You hit the iguana.
The iguana is severely wounded.
The iguana bites you.
Your ring mail prevents you from hitting the iguana.
The iguana is severely wounded.
The iguana bites you! x2
* * * LOW HITPOINT WARNING * * *
You closely miss the iguana.
The iguana is severely wounded.
The iguana bites you.
* * * LOW HITPOINT WARNING * * *
You closely miss the iguana.
The iguana is severely wounded.
The iguana bites you!
You die...

.....<.#
###..#.#
#..{..s # #.%
....# # .# ##.
a##.# #. ####.
## #. ..
.###.##... ..
## .. ##......
.# ..
#.....#..###
#...l@.....#
#......(.#...
.............#
......%........
...(.......###.
###........#
##........
##....####


You could see an iguana.

Vanquished Creatures
  A worker ant (D:3)
  7 adders (D:3)
  An ooze (D:3)
  2 worms
  2 dart slugs (D:1)
  2 leopard geckos
  3 orcs (D:3)
  2 giant cockroaches (D:1)
  4 goblins
  9 hobgoblins
  3 jackals (D:1)
  8 kobolds
  6 quokkas
  4 bats
  5 frilled lizards
  4 rats
63 creatures vanquished.

Notes
Turn   | Place    | Note
-------+----------+-------------------------------------------
     0 | Abyss:1  | mortelune the Formicid Abyssal Knight began the quest for
                  | the Orb.
     0 | Abyss:1  | Reached XP level 1. HP: 18/18 MP: 2/2
   210 | Abyss:1  | Noticed a large abomination
   211 | D:1      | Escaped the Abyss
   728 | D:1      | Reached XP level 2. HP: 24/24 MP: 3/3
  1112 | D:1      | Reached * piety under Lugonu
  1366 | D:1      | Reached XP level 3. HP: 29/29 MP: 4/4
  1946 | D:2      | Found a snail-covered altar of Cheibriados.
  2360 | D:2      | Found a glowing golden altar of the Shining One.
  2867 | D:3      | Found a hide-covered altar of Uskayaw.
  2883 | D:3      | Reached XP level 4. HP: 35/37 MP: 5/5
  3452 | D:3      | Found a faded altar of an unknown god.
  3868 | D:3      | HP: 2/55 [poisoned by an adder]
  3875 | D:3      | HP: 1/55 [poisoned by an adder]
  3883 | D:3      | HP: 1/55 [poisoned by an adder]
  4294 | D:3      | Reached XP level 5. HP: 42/42 MP: 6/6
  4391 | D:3      | Found a sparkling altar of Nemelex Xobeh.
  5330 | D:4      | Noticed a phantom
  5475 | D:4      | Slain by an iguana

Illustrated notes

Levels and vault maps discovered:
D:1:      ebering_trefoil_twist, layout_basic
D:2:      layout_basic, cheibriados_altar_1, nicolae_overflow_crystal_walls
D:3:      layout_basic, old_standard_altar, lemuel_round_altar, first_ration,
          chequers_ecumenical_altar_island
D:4:      layout_loops_cross, led_sif_book, minmay_temple_entry_tees,
          uniq_grinder

Skill      XL: |  1  2  3  4  5 |
---------------+----------------+-----
Axes           | 3 4 |  4.1
Armour         | 3 |  3.4
Fighting       | 4 |  4.3
Dodging        | |  0.8
Invocations    | |  2.1

Action                   |  1- 3 |  4- 6 || total
-------------------------+-------+-------++-------
Melee: Hand axe          |   126 |    47 ||   173
       War axe           |       |   112 ||   112
Throw: Stone             |       |    12 ||    12
Invok: Depart the Abyss  |     1 |       ||     1
  Use: Potion            |       |     8 ||     8
 Stab: Sleeping          |     2 |     5 ||     7
  Eat: Ration            |     2 |     2 ||     4
Armor: Leather armour    |    29 |    21 ||    50
       Skin              |       |     5 ||     5
       Ring mail         |       |    29 ||    29
Dodge: Dodged            |    65 |   129 ||   194

Table legend:
 A = Non-vault XP
 B = Vault XP
 C = Vault XP percentage of total XP
 D = Non-vault monster count
 E = Vault monster count
 F = Vault count percentage of total count
                 A         B        C        D         E       F
            +---------+---------+-------+---------+---------+-------
      Total |     243 |       0 |   0.0 |      63 |       0 |   0.0
            +---------+---------+-------+---------+---------+-------
        D:1 |      37 |       0 |   0.0 |      19 |       0 |   0.0
        D:2 |      24 |       0 |   0.0 |      12 |       0 |   0.0
        D:3 |     180 |       0 |   0.0 |      31 |       0 |   0.0
        D:4 |       2 |       0 |   0.0 |       1 |       0 |   0.0
            +---------+---------+-------+---------+---------+-------
